 Dungeon Crawl Stone Soup version 0.30.0-11-gf55b779eaf (webtiles) character file.

Game seed: 15182939658771691015

112 Chodeload the Trooper (level 4, 0/40 HPs)
             Began as a Barachi Wanderer on May 17, 2023.
             Was a Follower of Kikubaaqudgha.
             Slain by an adder (3 damage)
             ... on level 2 of the Dungeon.
             The game lasted 00:07:26 (2268 turns).

Chodeload the Trooper (Barachi Wanderer)            Turns: 2268, Time: 00:07:27

Health: 0/40       AC:  3    Str:  7    XL:     4   Next: 93%
Magic:  4/4        EV: 13    Int: 12    God:    Kikubaaqudgha [*.....]
Gold:   51         SH:  0    Dex: 19    Spells: 3/3 levels left

rFire   . . .        a - +2 mace of Jatan {heavy, Fly rElec Str-4 Dex+3}
rCold   . . .        (no shield)
rNeg    . . .        p - +0 leather armour
rPois   .            (no helmet)
rElec   +            (no cloak)
rCorr   .            (no gloves)
SInv    +            (no boots)
Will    .....        l - amulet of the acrobat
Stlth   ++           t - ring of see invisible
HPRegen 0.26/turn    (no ring)
MPRegen 0.09/turn

%: acrobat
@: lethally poisoned (0 -> -1), flying, slow
A: amphibious, slowness 1, strong legs 1, +LOS
a: Hop, Renounce Religion, Unearth Wretches


You were on level 2 of the Dungeon.
You worshipped Kikubaaqudgha.
Kikubaaqudgha was aware of your devotion.
You visited 1 branch of the dungeon, and saw 3 of its levels.

You collected 51 gold pieces.

Inventory:

Hand Weapons
 a - the +2 mace of Jatan (weapon) {heavy, Fly rElec Str-4 Dex+3}
   (You took it off a hobgoblin on level 2 of the Dungeon)

   Str:       It affects your strength (-4).
   Dex:       It affects your dexterity (+3).
   rElec:     It insulates you from electricity.
   Fly:       It grants you flight.
 f - a +0 mace
Missiles
 b - an atropa-tipped dart (quivered)
 c - a datura-tipped dart
 h - 15 stones
Armour
 p - a +0 leather armour (worn)
Jewellery
 l - an amulet of the acrobat (around neck)
 r - an amulet of guardian spirit
 t - a ring of see invisible (left hand)
Scrolls
 d - a scroll of identify {unknown}
 e - 3 scrolls of fog
 j - a scroll of vulnerability {unknown}
 m - 2 scrolls of teleportation {unknown}
 o - a scroll of enchant armour {unknown}
 s - a scroll of blinking {unknown}
Potions
 g - 2 potions of mutation {unknown}
 i - a potion of degeneration {unknown}
 k - a potion of heal wounds {unknown}
 n - a potion of magic {unknown}
 q - a potion of lignification {unknown}
 u - a potion of ambrosia {unknown}


   Skills:
 - Level 6.0 Fighting
 + Level 2.6 Armour
 - Level 4.0 Dodging
 - Level 1.7 Stealth
 - Level 3.2 Evocations


You had 3 spell levels left.
You didn't know any spells.
Your spell library contained the following spells:

 Spells                   Type           Power      Damage    Failure   Level
 Kiss of Death            Conj/Necr      0%         2d5       43%         1
 Necrotise                Necr           0%         1d4       43%         1
 Sublimation of Blood     Necr           0%         N/A       58%         2
 Vampiric Draining        Necr           0%         2d6       82%         3


Dungeon Overview and Level Annotations

Branches:
Dungeon (3/15)

Altars:
Kikubaaqudgha


Innate Abilities, Weirdness & Mutations

You are amphibious.
You cover ground slowly.
You can hop short distances.
You have an extended range of vision and can be seen from far away.


Message History

You hit the adder.
The adder is moderately wounded.
The adder bites you. x2
You are poisoned.
The adder poisons you! The adder completely misses you. The adder bites you.
You feel sick.
The adder bites you but does no damage. x2
You fly upwards.
You feel sick.
There is a stone staircase leading down here.
You hit the adder.
The adder is heavily wounded.
You feel sick. The adder bites you. The adder bites you but does no damage.
The adder barely misses you.
The adder bites you but does no damage. x2
The adder bites you.
You barely miss the adder.
The adder is heavily wounded.
You feel sick.
You are no longer poisoned.
The adder bites you. The adder bites you but does no damage.
The adder closely misses you. The adder bites you. The adder misses you.
The adder closely misses you.
You miss the adder.
The adder is heavily wounded.
The adder bites you. The adder closely misses you. The adder bites you. x3
* * * LOW HITPOINT WARNING * * *
The adder bites you.
* * * LOW HITPOINT WARNING * * *
You are poisoned.
The adder poisons you!
You barely miss the adder.
The adder is heavily wounded.
You feel very sick. The adder closely misses you.
The adder bites you but does no damage. The adder bites you.
* * * LOW HITPOINT WARNING * * *
The adder misses you.
You completely miss the adder.
The adder is heavily wounded.
You feel sick. The adder completely misses you. The adder bites you.
You die...
Kikubaaqudgha rasps: "You have failed me!
Welcome... death!"

##.....## #..####.##........#
#.......## ##..## #.##..#.#.#.#
.........####....###.##^.......##
.........+...............###.....
.........####....###.##..# #...##
#.......## ##.#.###.##..###.#.#
##....>## #.<.....##......#.#
###...### ###S######.##.###.#
........# #@# #........#
####.##.# ##S# ####.#####
####.##.# #..# ###.######
##......# #.## #.......#.
......#.# #.# #.#.###..#
##.<....# #.# #.#.......
##......# #.# #.#####..#
##......#######.# #.......#.
................# ##########


You could see 2 adders.

Vanquished Creatures
  Natasha (D:2)
  3 adders (D:2)
  2 worms (D:2)
  4 ball pythons
  5 endoplasms
  2 goblins
  6 hobgoblins
  4 jackals (D:1)
  6 quokkas
  3 bats (D:1)
  6 frilled lizards (D:1)
  5 kobolds
  5 rats
52 creatures vanquished.

Notes
Turn   | Place    | Note
-------+----------+-------------------------------------------
     0 | D:1      | Chodeload the Barachi Wanderer began the quest for the Orb.
     0 | D:1      | Chodeload set off with the following items: a +1 dagger, an
                  | atropa-tipped dart, a datura-tipped dart, a wand of flame
                  | (3), a scroll of fog, a +0 robe.
     0 | D:1      | Reached XP level 1. HP: 22/22 MP: 1/1
    64 | D:1      | Reached skill level 1 in Dodging
   155 | D:1      | Reached XP level 2. HP: 8/28 MP: 2/2
   584 | D:1      | Reached XP level 3. HP: 29/34 MP: 3/3
  1254 | D:2      | Noticed Natasha
  1329 | D:2      | Reached XP level 4. HP: 20/40 MP: 4/4
  1584 | D:2      | Identified the +2 mace of Jatan {heavy, Fly rElec Str-4
                  | Dex+3}
  1599 | D:2      | Reached skill level 1 in Armour
  1774 | D:2      | Found a faded altar of an unknown god.
  1779 | D:2      | Prayed at the altar of an unknown god.
  1779 | D:2      | Became a worshipper of Kikubaaqudgha
  1779 | D:2      | Reached * piety under Kikubaaqudgha
  1779 | D:2      | Received a gift from Kikubaaqudgha
  2195 | D:2      | Killed Natasha
  2268 | D:2      | Slain by an adder

Illustrated notes

Levels and vault maps discovered:
D:1:      minmay_arrival_stair_chambers, layout_rooms, st_stairs_9,
          due_unseen_surprise
D:2:      layout_loops_corners, ebering_ecumenical_altar_hall, uniq_natasha
D:3:      layout_rooms, mainiacjoe_overflow_divided_tiny

Skill      XL: |  1  2  3  4 |
---------------+-------------+-----
Dodging        | 1 2 3 4 |  4.0
Armour         | 2 |  2.6
Fighting       | |  6.0
Stealth        | |  1.7
Evocations     | |  3.2

Action                     |  1- 3 |  4- 6 || total
---------------------------+-------+-------++-------
  Melee: Dagger            |   171 |    62 ||   233
         Mace              |       |    23 ||    23
  Throw: Stone             |    15 |       ||    15
         Dart              |     3 |       ||     3
  Evoke: Wand              |     3 |       ||     3
   Stab: Sleeping          |     2 |     4 ||     6
 Armour: Robe              |    31 |       ||    31
         Leather armour    |     3 |    14 ||    17
  Dodge: Dodged            |   118 |    60 ||   178
